 Dungeon Crawl Stone Soup version 0.30-a0-672-gc3a7216ad8 (webtiles) character file.

Game seed: 8878161647928466735

115 testman the Grave Robber (level 4, 0/45 HPs)
             Began as a Demonspawn Necromancer on Jan 18, 2023.
             Succumbed to a kobold brigand's poison
             ... in a sewer.
             The game lasted 00:10:17 (2566 turns).

testman the Grave Robber (Demonspawn Necromancer)   Turns: 2566, Time: 00:10:17

Health: 0/45       AC:  4    Str:  8    XL:     4   Next: 68%
Magic:  8/9        EV: 12    Int: 19    God:
Gold:   156        SH:  4    Dex: 19    Spells: 2/10 levels left

rFire   . . .      SeeInvis .    m - +0 dagger (elec)
rCold   . . .      Faith    .    l - +0 buckler
rNeg    . . .      Spirit   .    a - +0 robe
rPois   .          Reflect  .    (helmet restricted)
rElec   .          Harm     .    (no cloak)
rCorr   .          Rampage  .    o - +0 pair of gloves
Will    .....                    g - +0 pair of boots Stlth
                                 i - amulet of magic regeneration
HPRegen 0.27/turn                v - +6 ring of dexterity
MPRegen 0.51/turn                (no ring)

@: brilliant, berserking, lethally poisoned (0 -> -18), slowed
A: horns 1
a: no special abilities


You were in a sewer.
You visited 1 branch of the dungeon, and saw 4 of its levels.
You also visited: Sewer.

You collected 156 gold pieces.

Inventory:

Hand Weapons
 m - a +0 dagger of electrocution (weapon)
 p - a +1 trident of venom
 r - a +0 dagger of venom
Missiles
 d - 7 poisoned darts
 B - 2 boomerangs
Armour
 a - a +0 robe (worn)
 g - a +0 pair of boots (worn)
 l - a +0 buckler (worn)
 o - a +0 pair of gloves (worn)
Jewellery
 i - an amulet of magic regeneration (around neck)
 n - an amulet of regeneration
 v - a +6 ring of dexterity (left hand)
Wands
 C - a wand of flame (18)
Scrolls
 c - a scroll of fog
 e - 2 scrolls of immolation
 h - 2 scrolls of identify
 t - a scroll of fear {unknown}
 u - a scroll of teleportation {unknown}
 w - 2 scrolls of torment {unknown}
 y - a scroll of vulnerability {unknown}
 A - a scroll of noise {unknown}
 D - a scroll of enchant weapon {unknown}
 E - a scroll of enchant armour {unknown}
Potions
 b - a potion of magic
 j - 2 potions of haste
 q - a potion of heal wounds {unknown}
 s - a potion of cancellation {unknown}
 x - a potion of curing {unknown}
 z - a potion of brilliance


   Skills:
 + Level 0.0 Fighting
 - Level 1.7 Dodging
 - Level 1.7 Stealth
 + Level 0.0 Shields
 + Level 3.5 Spellcasting
 + Level 5.6 Necromancy


You had 2 spell levels left.
You knew the following spells:

 Your Spells              Type           Power      Damage    Failure   Level
a - Necrotise             Necr           100%       1d9       1%          1
b - Vampiric Draining     Necr           37%        2d8       6%          3
c - Animate Dead          Necr           37%        N/A       19%         4

Your spell library contained the following spells:

 Spells                   Type           Power      Damage    Failure   Level
 Agony                    Necr           37%        N/A       47%         5
 Inner Flame              Hex/Fire       5%         N/A       52%         3
 Summon Guardian Golem    Hex/Summ       5%         N/A       52%         3
 Flame Wave               Conj/Fire      5%         2d5       89%         4
 Sticky Flame             Conj/Fire      5%         2d3       89%         4
 Orb of Destruction       Conj           2%         9d5       100%        7
 Spellforged Servitor     Conj/Summ      2%         N/A       100%        7


Dungeon Overview and Level Annotations

Branches:
Dungeon (4/15)              Sewer (1/1)
 Temple: D:4-7

Altars:


Innate Abilities, Weirdness & Mutations

You have a pair of small horns on your head.


Message History

Press: ? - help, Q - select action, (/) - cycle Shift-Dir - straight line, f/p - kobold brigand
Aim: a kobold brigand, wielding a +0 dagger and quivering poisoned darts (heavily wounded, chance to affect: 83%)
The kobold brigand writhes in agony!
You feel sick.
The kobold brigand throws a poisoned dart.
The poisoned dart hits you!
You are more poisoned.
The kobold brigand throws a curare-tipped dart.
The curare-tipped dart hits you.
You are more poisoned.
You have difficulty breathing.
You feel yourself slow down.
The kobold hits something with a +0 short sword.
Aiming: Necrotise (safe; 1% risk of failure)
Press: ? - help, Q - select action, (/) - cycle Shift-Dir - straight line, f/p - kobold brigand
Aim: a kobold brigand, wielding a +0 dagger and quivering poisoned darts (almost dead, chance to affect: 83%)
The kobold brigand writhes in agony.
You feel extremely sick.
The kobold brigand throws a poisoned dart.
The poisoned dart hits you!
You are more poisoned.
The kobold brigand throws a poisoned dart.
The poisoned dart barely misses you.
The kobold brigand throws a curare-tipped dart.
The curare-tipped dart closely misses you.
It was a potion of brilliance.
You feel clever all of a sudden.
* * * LOW HITPOINT WARNING * * *
You feel extremely sick.
It was a potion of berserk rage.
A red film seems to cover your vision as you go berserk!
You feel yourself moving faster!
You feel mighty!
* * * LOW HITPOINT WARNING * * *
You feel very sick.
The kobold brigand throws a poisoned dart.
The poisoned dart closely misses you.
The kobold brigand throws a poisoned dart.
The poisoned dart hits you!
You are more poisoned.
You feel a strong urge to attack something.
You die...

#.~≈~.# ##.~≈~~##
#..~≈~~.################
#~.~≈~~~~~~~~~~~~~~~~~~~
#~.~≈~..################
#..~≈~.~# #.~~≈~~~#
#.~≈≈≈~.# #.~≈≈≈~@#
#~~≈≈≈~K# #.~~KKK~#
#..~).~.# ####.#### ..
... #..


You could see 2 kobold brigands and 2 kobolds.

Vanquished Creatures
  An adder (D:3)
  2 river rats
  2 worms (D:2)
  2 dart slugs
  5 orcs (D:3)
  3 endoplasms
  A giant cockroach (D:2)
  5 goblins
  6 hobgoblins
  3 jackals (D:1)
  A quokka (D:2)
  6 ball pythons
  4 bats
  6 kobolds
  7 rats
54 creatures vanquished.

Vanquished Creatures (collateral kills)
  A river rat (Sewer)
  A worm (D:4)
  A jackal (D:1)
  A bat (D:1)
  2 rats (Sewer)
6 creatures vanquished.

Grand Total: 60 creatures vanquished

Notes
Turn   | Place    | Note
-------+----------+-------------------------------------------
     0 | D:1      | testman the Demonspawn Necromancer began the quest for the
                  | Orb.
     0 | D:1      | Reached XP level 1. HP: 13/13 MP: 3/3
   113 | D:1      | You fall into a shaft and drop 1 floor!
   113 | D:2      | Found a faded altar of an unknown god.
   636 | D:1      | Gained mutation: You have a pair of small horns on your
                  | head. [demonic ancestry]
   636 | D:1      | Reached XP level 2. HP: 12/19 MP: 5/5
  1108 | D:2      | Reached skill level 5 in Necromancy
  1108 | D:2      | Reached XP level 3. HP: 21/24 MP: 5/7
  1369 | D:2      | Learned a level 3 spell: Vampiric Draining
  1986 | D:3      | Reached XP level 4. HP: 13/30 MP: 5/8
  2372 | D:4      | Found a glowing drain.
  2486 | Sewer    | Entered a sewer
  2509 | Sewer    | Learned a level 4 spell: Animate Dead
  2555 | Sewer    | Noticed a kobold brigand
  2556 | Sewer    | Noticed a kobold brigand
  2566 | Sewer    | Succumbed to a kobold brigand's poison

Illustrated notes

Levels and vault maps discovered:
D:1:      lemuel_arrival_river_ford, layout_basic, serial_park_tiny_2
D:2:      layout_loops_cross, dreamdust_ecumenical_altar_statues,
          minmay_heptomino_h4
D:3:      layout_loops_ring, hex_large
D:4:      layout_basic, marbit_many_paths, mainiacjoe_overflow_24_doors,
          portal_sewer_entry_c
Sewer:    sewer_kobolds

Skill      XL: |  1  2  3 |
---------------+----------+-----
Necromancy     | 5 |  5.6
Spellcasting   | 3 |  3.5
Dodging        | |  1.7
Stealth        | |  1.7

Action                   |  1- 3 |  4- 6 || total
-------------------------+-------+-------++-------
Melee: Flail             |    16 |       ||    16
       Unarmed           |     1 |       ||     1
       Dagger            |    24 |    14 ||    38
       Headbutt          |     3 |     3 ||     6
 Cast: Necrotise         |    58 |    22 ||    80
  Use: Scroll            |       |     4 ||     4
       Potion            |       |     2 ||     2
 Stab: Sleeping          |     4 |     2 ||     6
Armor: Robe              |    11 |     2 ||    13
Dodge: Dodged            |    31 |    15 ||    46
Block: Buckler           |     5 |    10 ||    15

Table legend: (Time is in decaauts)
 A = Elapsed time spent in this place.
 B = Non-inter-level travel time spent in this place.
 C = Inter-level travel time spent in this place.
 D = Time resting spent in this place.
 E = Time spent auto-exploring this place.
 F = Levels seen in this place.
 G = Mean time per level.
                   A        B        C        D        E       F      G
               +--------+--------+--------+--------+--------+-----+--------+
         Total |   2597 |   2410 |    187 |    169 |   1691 |   5 |  519.4 |
       Dungeon |   2498 |   2311 |    187 |    169 |   1632 |   4 |  624.5 |
         Sewer |     98 |     98 |      0 |      0 |     58 |   1 |   98.0 |
               +--------+--------+--------+--------+--------+-----+--------+

Top non-repeatable levels by time:
     D:1: 875 daAuts
     D:3: 744 daAuts
     D:2: 735 daAuts
     D:4: 142 daAuts
   Sewer: 98 daAuts
